 Dungeon Crawl Stone Soup version 0.23-a0-321-g6bcb69f058 (webtiles) character file.

91 G3Kappa the Skirmisher (level 4, -6/42 HPs)
             Began as a Hill Orc Monk on Oct 14, 2018.
             Was a Believer of Beogh.
             Killed from afar by an orc wizard (13 damage)
             ... with a puff of flame
             ... on level 3 of the Dungeon.
             The game lasted 00:04:44 (2894 turns).

G3Kappa the Skirmisher (Hill Orc Monk)              Turns: 2894, Time: 00:04:45

Health: -6/42      AC: 11    Str: 13    XL:     4   Next: 57%
Magic:  4/4        EV:  4    Int: 11    God:    Beogh [**....]
Gold:   128        SH:  0    Dex: 13    Spells: 3/3 levels left

rFire    . . .     SeeInvis .   a - +0 spear
rCold    . . .     Gourm    .   (no shield)
rNeg     . . .     Faith    .   l - +0 plate armour
rPois    .         Spirit   .   (no helmet)
rElec    .         Reflect  .   (no cloak)
rCorr    .         Harm     .   (no gloves)
MR       .....                  (no boots)
Stlth    ..........             (no amulet)
HPRegen  0.14/turn              (no ring)
MPRegen  0.09/turn              (no ring)

@: no status effects
A: no striking features
a: Smiting, Renounce Religion


You were on level 3 of the Dungeon.
You worshipped Beogh.
Beogh was pleased with you.
You were not hungry.

You visited 1 branch of the dungeon, and saw 3 of its levels.

You collected 128 gold pieces.

Inventory:

Hand Weapons
 a - a +0 spear (weapon)
Armour
 l - a +0 plate armour (worn)
 o - a +0 shield
Scrolls
 d - 3 scrolls of enchant armour {unknown}
 f - a scroll of amnesia {unknown}
 g - 2 scrolls of fear {unknown}
 i - a scroll of magic mapping {unknown}
 j - 2 scrolls of identify {unknown}
 m - 3 scrolls of teleportation {unknown}
 n - a scroll of remove curse {unknown}
 r - a scroll of fog {unknown}
Potions
 e - a potion of flight
 p - a potion of lignification
Comestibles
 c - 3 rations


   Skills:
 - Level 5.0 Fighting
 - Level 3.2 Polearms
 + Level 3.1 Armour
 - Level 2.4 Dodging
 - Level 1.5 Stealth


You had 3 spell levels left.
You didn't know any spells.
Your spell library contained the following spells:

 Spells                   Type           Power        Failure   Level  Hunger
 Confusing Touch          Hex            #.....       100%        1    ##.....
 Confuse                  Hex            #.......     100%        3    ####...
 Gell's Gravitas          Tloc           #.........   100%        3    ####...
 Petrify                  Tmut/Erth      #.......     100%        4    #####..
 Metabolic Englaciation   Hex/Ice        #.........   100%        5    ######.
 Yara's Violent Unravell  Hex/Tmut       #.........   100%        5    ######.


Dungeon Overview and Level Annotations

Branches:
Dungeon (3/15)

Altars:


Message History

It was a potion of haste.
You feel yourself speed up. The orc wizard completely misses you.
The orc wizard hits you but does no damage.
The orc hits you but does no damage.
It was a potion of cancellation.
Your magical effects are unravelling.
You feel magically purged.
You feel less wooden.
Your +0 plate armour unmelds from your body.
You feel yourself slow down.
You feel a little less clever now. The orc wizard completely misses you.
You closely miss the orc wizard.
The orc wizard is moderately wounded.
The orc wizard hits you but does no damage.
The orc hits you but does no damage.
The orc wizard is no longer moving quickly.
The orc wizard casts a spell at you. The puff of flame hits you!
You die...
Beogh appreciates the orc wizard's killing of a heretic priest.

###....#.......# ......
#..#...#####.##...... #
##.###....##.#....... ..
#.# ####..........# #.
#.#########.......#
###.##...†..###...###..#
##...?..####..##.#####..##
#........##o.....##......##
<.........@o##..#..........
.........†#####..........#.
......)(..# #..####.....#
..........# #..## .....#
..........##..# ######
#............#
..........### ..........#
..........#


You could see an orc wizard and an orc.

Vanquished Creatures
  2 adders
  An ooze (D:1)
  A worm (D:3)
  2 dart slugs (D:1)
  A leopard gecko (D:3)
  3 orcs
  A ball python (D:2)
  4 giant cockroaches
  6 goblins
  4 hobgoblins
  4 jackals (D:1)
  A quokka (D:2)
  9 bats
  A frilled lizard (D:1)
  6 kobolds
  11 rats
57 creatures vanquished.

Vanquished Creatures (others)
  An octopode (D:1)
  A gargoyle (D:1)
  An elf (D:1)
  A troll (D:1)
  A human (D:1)
  3 ogres (D:1)
  2 centaurs (D:1)
  An orc priest (D:3)
  A mummy (D:1)
  An adder (D:3)
  A kobold (D:1)
  4 tentacles (D:1)
18 creatures vanquished.

Grand Total: 75 creatures vanquished

Notes
Turn   | Place    | Note
-------+----------+-------------------------------------------
     0 | D:1      | G3Kappa the Hill Orc Monk began the quest for the Orb.
     0 | D:1      | Reached XP level 1. HP: 19/19 MP: 1/1
     0 | D:1      | Noticed an octopode
     0 | D:1      | Noticed an elf
     0 | D:1      | Noticed a human
     0 | D:1      | Noticed an ogre
     0 | D:1      | Noticed a kraken
     0 | D:1      | Noticed a troll
     0 | D:1      | Noticed a centaur
     0 | D:1      | Noticed an ogre
     0 | D:1      | Noticed a gargoyle
     0 | D:1      | Noticed an ogre
     0 | D:1      | Noticed a centaur
     2 | D:1      | Killed a centaur
     4 | D:1      | Killed an ogre
     6 | D:1      | Killed an ogre
     8 | D:1      | Killed an octopode
     8 | D:1      | Killed an elf
     9 | D:1      | Killed a centaur
    10 | D:1      | Killed an ogre
    10 | D:1      | Killed a gargoyle
    11 | D:1      | Killed a troll
    12 | D:1      | Killed a human
    49 | D:1      | Reached skill level 4 in Fighting
   175 | D:1      | Reached XP level 2. HP: 27/28 MP: 2/2
   838 | D:1      | Reached skill level 5 in Fighting
   838 | D:1      | Reached XP level 3. HP: 36/36 MP: 3/3
  1143 | D:1      | Reached skill level 1 in Armour
  1986 | D:2      | Reached XP level 4. HP: 28/42 MP: 4/4
  2164 | D:3      | Became a worshipper of Beogh the Brigand
  2164 | D:3      | Reached * piety under Beogh
  2164 | D:3      | Reached ** piety under Beogh
  2202 | D:3      | Noticed an orc warrior
  2894 | D:3      | Killed from afar by an orc wizard

Vault maps used:
D:1:      nicolae_arrival_kraken_aquarium_a, skrybe_limestone_x

Skill      XL: |  1  2  3  4 |
---------------+-------------+-----
Fighting       | 4 5 |  5.0
Armour         | 2 3 |  3.1
Polearms       | |  3.2
Dodging        | |  2.4
Stealth        | |  1.5

Action                   |  1- 3 |  4- 6 || total
-------------------------+-------+-------++-------
Melee: Spear             |   188 |   106 ||   294
Invok: Smiting           |       |     1 ||     1
       Convert to Beogh  |       |     1 ||     1
  Use: Potion            |     1 |     4 ||     5
 Stab: Sleeping          |     1 |       ||     1
  Eat: Chunk             |     4 |       ||     4
       Ration            |       |     1 ||     1
Armor: Robe              |    17 |       ||    17
       Plate armour      |    43 |    96 ||   139
       Skin              |       |    13 ||    13
Dodge: Dodged            |    87 |    22 ||   109

Table legend:
 A = Non-vault XP
 B = Vault XP
 C = Vault XP percentage of total XP
 D = Non-vault monster count
 E = Vault monster count
 F = Vault count percentage of total count
                 A         B        C        D         E       F
            +---------+---------+-------+---------+---------+-------
      Total |     130 |       0 |   0.0 |      57 |       0 |   0.0
            +---------+---------+-------+---------+---------+-------
        D:1 |      53 |       0 |   0.0 |      28 |       0 |   0.0
        D:2 |      44 |       0 |   0.0 |      19 |       0 |   0.0
        D:3 |      33 |       0 |   0.0 |      10 |       0 |   0.0
            +---------+---------+-------+---------+---------+-------
